 Dungeon Crawl Stone Soup version 0.29.1-1-gd02db6906a (webtiles) character file.

Game seed: 9308004355174091111

294 mtoz the Digger (level 6, -3/32 HPs)
             Began as a Gargoyle Earth Elementalist on Sept 29, 2022.
             Killed from afar by Natasha (10 damage)
             ... with a puff of flame
             ... on level 4 of the Dungeon.
             The game lasted 00:10:41 (3688 turns).

mtoz the Digger (Gargoyle Earth Elementalist)       Turns: 3688, Time: 00:10:41

Health: -3/32      AC:  8    Str: 12    XL:     6   Next: 34%
Magic:  7/10       EV: 12    Int: 17    God:
Gold:   161        SH:  0    Dex: 10    Spells: 8/11 levels left

rFire   . . .      SeeInvis .   (no weapon)
rCold   . . .      Faith    .   (no shield)
rNeg    + . .      Spirit   .   a - +0 robe
rPois   ∞          Reflect  .   (no helmet)
rElec   +          Harm     .   (no cloak)
rCorr   .          Rampage  .   c - +1 pair of gloves
Will    .....                   (no boots)
Stlth   ++........              (no amulet)
HPRegen 0.10/turn               (no ring)
MPRegen 0.12/turn               (no ring)

@: slowed, very slow
A: sickness immunity, AC +4, negative energy resistance 1, electricity
resistance, torment resistance 1, petrification resistance
a: no special abilities


You were on level 4 of the Dungeon.
You visited 1 branch of the dungeon, and saw 4 of its levels.

You collected 161 gold pieces.

Inventory:

Missiles
 j - 5 silver javelins
Armour
 a - a +0 robe (worn)
 c - a +1 pair of gloves (worn)
 d - a +0 ring mail
Jewellery
 q - a ring of ice
Scrolls
 f - a scroll of immolation {unknown}
 i - 5 scrolls of teleportation
 k - a scroll of enchant armour {unknown}
 l - a scroll of vulnerability {unknown}
 o - a scroll of fear {unknown}
 p - a scroll of amnesia {unknown}
Potions
 e - a potion of ambrosia
 g - 2 potions of curing {unknown}
 m - 3 potions of flight {unknown}
 n - a potion of haste {unknown}
 r - a potion of invisibility


   Skills:
 + Level 2.7 Dodging
 + Level 3.9 Stealth
 + Level 3.2 Spellcasting
 + Level 2.2 Transmutations
 + Level 4.9 Earth Magic


You had 8 spell levels left.
You knew the following spells:

 Your Spells              Type           Power      Damage    Failure   Level
a - Sandblast             Erth           38%        2d10      2%          1
b - Passwall              Tmut/Erth      11%        N/A       6%          2

Your spell library contained the following spells:

 Spells                   Type           Power      Damage    Failure   Level
 Stone Arrow              Conj/Erth      22%        3d8       19%         3
 Petrify                  Tmut/Erth      14%        N/A       36%         4
 Borgnjor's Vile Clutch   Necr/Erth      5%         N/A       86%         5
 Alistair's Intoxication  Tmut/Pois      4%         N/A       96%         5
 Eringya's Noxious Bog    Tmut/Pois      3%         N/A       100%        6


Dungeon Overview and Level Annotations

Branches:
Dungeon (4/15)
 Temple: D:4-7

Altars:
Kikubaaqudgha
Okawaru
Sif Muna
Wu Jian

Shops:
D:1 ?

Annotations:
D:4 Natasha


Innate Abilities, Weirdness & Mutations

You are immune to sickness and miasma.
Your stone body is resilient. (AC +4)
You are immune to poison.
You resist negative energy. (rN+)
You are resistant to electric shocks. (rElec)
You are resistant to unholy torment.
You are immune to petrification.


Message History

Aim: Natasha, carrying a wand of flame (18) (heavily wounded, 77% to hit)
The blast of sand hits Natasha.
Natasha is almost dead.
The scorpion closely misses you.
Natasha zaps a wand.
The puff of flame hits you. The scorpion stings you.
Natasha hisses.
Natasha mumbles some strange words.
Natasha attacks as you move away! Natasha claws you but does no damage.
The scorpion attacks as you move away! The scorpion stings you.
Natasha wildly gestures.
You feel troubled.
The crimson imp blinks!
There is an open door here.
Aiming: Sandblast (safe; 2% risk of failure)
Press: ? - help, Q - select action, (/) - cycle Shift-Dir - straight line, f/p - Natasha
Aim: Natasha, carrying a wand of flame (17) (almost dead, 77% to hit)
The blast of sand misses Natasha.
The scorpion barely misses you. Natasha claws you but does no damage.
The scorpion stings you but does no damage.
Natasha casts a spell at you.
You feel yourself slow down.
Aiming: Sandblast (safe; 2% risk of failure)
Press: ? - help, Q - select action, (/) - cycle Shift-Dir - straight line, f - scorpion, p - Natasha
Aim: a scorpion (82% to hit)
The blast of sand hits the scorpion but does no damage.
The scorpion stings you but does no damage.
Natasha zaps a wand.
The puff of flame hits you! The scorpion closely misses you.
The crimson imp blinks!
Natasha claws you!
* * * LOW HITPOINT WARNING * * *
The scorpion stings you but does no damage.
Natasha attacks as you move away! Natasha barely misses you.
The scorpion attacks as you move away! The scorpion barely misses you.
The crimson imp blinks!
The crimson imp disappears for a moment.
Natasha claws you but does no damage.
Okay, then.
Okay, then.
Natasha casts a spell.
Natasha zaps a wand.
The puff of flame hits you!
You die...

.............#.#..
.............#.#.####
.............#......#
.............#......#
...........5.#......#
........§....#......#
............##......#
#.#########'####.#.####
.......@.hs5.....#.#
...#########.#####.#
.).#.#####.####
#............#
#............#
#....).......#
#............#
#............#
#............#


You could see a scorpion, Natasha and a shadow imp (summoned).

Vanquished Creatures
  A howler monkey (D:4)
  2 orc priests
  2 orc wizards (D:3)
  Natasha (D:4)
  3 adders (D:2)
  A gnoll (D:1)
  2 worms (D:2)
  4 dart slugs
  6 orcs (D:3)
  3 ball pythons (D:1)
  3 endoplasms (D:1)
  4 giant cockroaches
  6 goblins
  4 hobgoblins
  3 jackals (D:3)
  7 kobolds
  2 quokkas
  4 bats
  2 frilled lizards (D:1)
  10 rats
70 creatures vanquished.

Notes
Turn   | Place    | Note
-------+----------+-------------------------------------------
     0 | D:1      | mtoz the Gargoyle Earth Elementalist began the quest for
                  | the Orb.
     0 | D:1      | Reached XP level 1. HP: 10/10 MP: 3/3
   214 | D:1      | Reached skill level 1 in Transmutations
   214 | D:1      | Reached XP level 2. HP: 15/15 MP: 3/5
   594 | D:1      | Reached XP level 3. HP: 19/19 MP: 4/6
   613 | D:1      | Found Sedefi's Magic Scroll Boutique.
   870 | D:1      | Reached skill level 4 in Earth Magic
   913 | D:1      | Found a faded altar of an unknown god.
  1417 | D:2      | Learned a level 2 spell: Passwall
  1713 | D:2      | Reached XP level 4. HP: 24/24 MP: 2/7
  1937 | D:2      | Found a shimmering blue altar of Sif Muna.
  2260 | D:3      | Reached XP level 5. HP: 26/28 MP: 3/9
  2497 | D:3      | Found an ancient bone altar of Kikubaaqudgha.
  3371 | D:3      | Found an iron altar of Okawaru.
  3519 | D:4      | Reached XP level 6. HP: 32/32 MP: 6/10
  3525 | D:4      | Noticed Natasha
  3529 | D:4      | Killed Natasha
  3581 | D:4      | Found an ornate altar of the Wu Jian Council.
  3674 | D:4      | Noticed Natasha
  3688 | D:4      | Killed from afar by Natasha

Illustrated notes

Levels and vault maps discovered:
D:1:      dpeg_arrival_rhombi, layout_basic, serial_shops, shop_fountains,
          dreamdust_ecumenical_altar_sealed_demon
D:2:      layout_loops_ring, basic_altar, minmay_pentomino_t4
D:3:      layout_basic, mainiacjoe_overflow_large_starburst, serial_park_tiny_1
D:4:      layout_basic, mainiacjoe_overflow_surrounded_room,
          minmay_misc_feat_columns, uniq_natasha

Skill      XL: |  1  2  3  4  5 |
---------------+----------------+-----
Transmutations | 1 2 |  2.2
Earth Magic    | 4 |  4.9
Dodging        | 2 |  2.7
Stealth        | 3 |  3.9
Spellcasting   | 3 |  3.2

Action                   |  1- 3 |  4- 6 || total
-------------------------+-------+-------++-------
 Cast: Sandblast         |    48 |    76 ||   124
  Use: Scroll            |       |     3 ||     3
       Potion            |       |     1 ||     1
Armor: Robe              |       |    24 ||    24
Dodge: Dodged            |     6 |    26 ||    32
